 Dungeon Crawl Stone Soup version 0.18.1-5-g4a78601 (webtiles) character file.

3045 Hipnos the Nimble (level 9, -11/121 HPs)
             Began as a Hill Orc Berserker on May 14, 2016.
             Was an Elder of Trog.
             Mangled by a wyvern (16 damage)
             ... on level 8 of the Dungeon.
             The game lasted 00:25:36 (8979 turns).

Hipnos the Nimble (Hill Orc Berserker)              Turns: 8979, Time: 00:25:37

Health: -11/121    AC:  8    Str: 28    XL:     9   Next: 87%
Magic:  9/9        EV: 15    Int:  7    God:    Trog [****..]
Gold:   367        SH:  0    Dex: 10    Spells: 0 memorised, 8 levels left

rFire  + . .     SeeInvis .     n - +3 dagger (flame)
rCold  . . .     Gourm    .     r - +0 leather armour {rF+}
rNeg   . . .     Faith    .     (no shield)
rPois  .         Spirit   .     j - +0 helmet
rElec  .         Dismiss  .     q - +0 cloak
rCorr  .         Reflect  .     (no gloves)
SustAt .         Harm     .     u - +1 pair of boots
MR     ++...                    (no amulet)
Stlth  ..........               (no ring)
                                (no ring)

@: berserking, regenerating, very quick, very resistant to hostile enchantments,
extremely unstealthy
A: no striking features
a: Berserk, Trog's Hand, Brothers in Arms, Burn Spellbooks, Renounce Religion


You were on level 8 of the Dungeon.
You worshipped Trog.
Trog was greatly pleased with you.
You were not hungry.

You visited 1 branch of the dungeon, and saw 8 of its levels.

You collected 367 gold pieces.

Inventory:

Hand Weapons
 a - a +0 falchion
 b - a +0 whip of electrocution
 h - a +2 antimagic spear
 m - a +1 dagger of freezing
 n - a +3 dagger of flaming (weapon)
 E - a +1 flail of protection
Armour
 j - a +0 helmet (worn)
 q - a +0 cloak (worn)
 r - a +0 leather armour of fire resistance (worn)
 u - a +1 pair of boots (worn)
Scrolls
 d - 2 scrolls of remove curse
 e - 3 scrolls of teleportation
 p - a scroll of blinking {unknown}
 t - a scroll of magic mapping
 v - a scroll of enchant weapon
 w - a scroll of identify
 z - a scroll of immolation {unknown}
 C - a scroll of recharging {unknown}
Potions
 k - a potion of curing
 o - 3 potions of lignification
 x - 4 potions of flight
 A - a potion of agility
 D - a potion of heal wounds (quivered)
Comestibles
 c - 4 bread rations
 f - 3 slices of pizza
 g - 7 meat rations
 i - a fruit
 l - 3 beef jerkies
 s - a chunk of flesh


   Skills:
 + Level 7.8 Fighting
 + Level 4.6(5.3) Short Blades
 + Level 4.3(5.4) Long Blades
 + Level 4.3 Armour
 + Level 8.7 Dodging


You had 8 spell levels left.
You didn't know any spells.

Dungeon Overview and Level Annotations

Branches:
Dungeon (8/15)             Temple (0/1) D:5
   Lair: D:8-11

Altars:
Ashenzari
Qazlal
Vehumet

Annotations:
D:7 exclusion: ice statue, Dowan, Duvessa


Message History

Something hits you.
* * * LOW HITPOINT WARNING * * *
Something shocks you.
* * * LOW HITPOINT WARNING * * *
The wyvern misses you.
Your skin crawls.
You feel resistant to hostile enchantments.
You feel slightly more hungry.
The wyvern bites you but does no damage.
Something barely misses you.
A red film seems to cover your vision as you go berserk!
You feel yourself moving faster!
You feel mighty!
You feel somewhat more hungry. The wyvern bites you!
* * * LOW HITPOINT WARNING * * *
Something hits you.
* * * LOW HITPOINT WARNING * * *
Something shocks you.
* * * LOW HITPOINT WARNING * * *
The wyvern bites you!
You die...

.........# ........#
.#######..##.###.#
.................# .
## .....#...#.#####..
.. ...#......# ..
###. #.#...#.##.##..
.....##.....#{.......
#.......#.#@l......
##.##.###..#....##. #
#......####.#
#........##.##
#............#
##....#..#####
#....##.## #######..#
#..##


You could see a wyvern.

Vanquished Creatures
  The ghost of skk the Blocker, a novice FoFi of Okawaru (D:5)
  The ghost of Zhenya25pyc the Shield-Bearer, an amateur GrFi (D:4)
  Sigmund (D:5)
  A hippogriff (D:7)
  Edmund (D:5)
  A water moccasin (D:7)
  A black bear (D:7)
  A phantom (D:7)
  An ogre (D:5)
  A centaur (D:5)
  4 giant frogs
  3 scorpions
  2 howler monkeys
  A centaur zombie (D:7)
  4 hounds
  5 orc priests
  Crazy Yiuf (D:3)
  A centaur skeleton (D:7)
  4 orc wizards
  Jessica (D:3)
  2 giant frog skeletons
  Ijyb (D:2)
  2 iguanas (D:6)
  4 worker ants
  A hound zombie (D:7)
  2 hound skeletons
  A worker ant zombie (D:7)
  13 adders
  8 gnolls
  2 adder skeletons (D:4)
  An adder zombie (D:5)
  3 worms
  5 dart slugs
  6 giant geckos
  23 orcs
  9 bats
  4 giant cockroaches
  9 hobgoblins
  10 jackals
  3 quokkas
  9 giant newts
  5 goblins
  2 jackal skeletons (D:5)
  2 kobolds
  8 rats
171 creatures vanquished.

Vanquished Creatures (collateral kills)
  A jelly (D:6)
  A worker ant (D:6)
  A gnoll (D:6)
3 creatures vanquished.

Grand Total: 174 creatures vanquished

Notes
Turn   | Place    | Note
--------------------------------------------------------------
     0 | D:1      | Hipnos the Hill Orc Berserker began the quest for the Orb.
     0 | D:1      | Reached XP level 1. HP: 19/19 MP: 1/1
   374 | D:1      | Reached XP level 2. HP: 21/27 MP: 2/2
   808 | D:1      | Reached skill level 2 in Dodging
   988 | D:1      | Reached XP level 3. HP: 10/33 MP: 3/3
   995 | D:1      | Reached ** piety under Trog
  1381 | D:2      | Noticed Ijyb
  1397 | D:2      | Killed Ijyb
  1397 | D:2      | Reached XP level 4. HP: 4/40 MP: 4/4
  1810 | D:2      | Reached skill level 3 in Dodging
  2033 | D:2      | Reached XP level 5. HP: 45/47 MP: 5/5
  2541 | D:3      | Found a stormy altar of Qazlal.
  2622 | D:3      | Noticed Crazy Yiuf
  2629 | D:3      | Killed Crazy Yiuf
  3009 | D:3      | Reached *** piety under Trog
  3033 | D:3      | Reached XP level 6. HP: 11/53 MP: 6/6
  3294 | D:3      | Noticed Jessica
  3299 | D:3      | Killed Jessica
  3752 | D:4      | Reached skill level 4 in Dodging
  3781 | D:4      | Reached skill level 5 in Fighting
  3802 | D:4      | HP: 1/56 [orc/trident (6)]
  3964 | D:4      | Reached skill level 1 in Short Blades
  4343 | D:4      | Reached XP level 7. HP: 47/61 MP: 7/7
  4522 | D:4      | Got a slimy robe
  4533 | D:4      | Identified the +1 robe of a treasure trove {Int+4 SInv} (You found it on level 4 of the Dungeon)
  4650 | D:4      | Noticed Zhenya25pyc's ghost (amateur GrFi)
  4689 | D:4      | Gained mutation: You are robust (+10% HP). [potion of mutation]
  4689 | D:4      | Gained mutation: Your body sometimes deteriorates upon taking damage. [potion of mutation]
  4689 | D:4      | Gained mutation: Your magical capacity is low (-10% MP). [potion of mutation]
  4697 | D:4      | Killed Zhenya25pyc's ghost
  4698 | D:4      | Gained mutation: You have large cloven feet. [potion of mutation]
  4698 | D:4      | Lost mutation: Your magical capacity is low (-10% MP). [potion of mutation]
  4698 | D:4      | Gained mutation: You are occasionally teleported next to monsters. [potion of mutation]
  4813 | D:4      | Reached skill level 5 in Dodging
  5183 | D:5      | Entered Level 5 of the Dungeon
  5185 | D:5      | Noticed Edmund
  5196 | D:5      | Noticed skk's ghost (novice FoFi)
  5201 | D:5      | Noticed Sigmund
  5251 | D:5      | Killed skk's ghost
  5251 | D:5      | Reached skill level 6 in Dodging
  5251 | D:5      | Reached XP level 8. HP: 33/77 MP: 8/8
  5275 | D:5      | Killed Sigmund
  5596 | D:5      | Found a shattered altar of Ashenzari.
  5835 | D:5      | HP: 5/117 [centaur (5)]
  5837 | D:5      | Reached skill level 7 in Dodging
  6145 | D:5      | Found a staircase to the Ecumenical Temple.
  6331 | D:5      | Reached XP level 9. HP: 67/85 MP: 9/9
  6398 | D:5      | Killed Edmund
  6760 | D:6      | Reached **** piety under Trog
  7519 | D:6      | Found a radiant altar of Vehumet.
  7641 | D:7      | Reached skill level 8 in Dodging
  8195 | D:7      | Noticed Dowan
  8239 | D:7      | Lost mutation: You are robust (+10% HP). [potion of cure mutation]
  8239 | D:7      | Lost mutation: Your body sometimes deteriorates upon taking damage. [potion of cure mutation]
  8239 | D:7      | Lost mutation: You are occasionally teleported next to monsters. [potion of cure mutation]
  8239 | D:7      | Lost mutation: You have large cloven feet. [potion of cure mutation]
  8487 | D:7      | Noticed an ice statue
  8556 | D:7      | Noticed Duvessa
  8979 | D:8      | HP: 5/121 [something (5)]
  8979 | D:8      | Mangled by a wyvern

Skill      XL: |  1  2  3  4  5  6  7  8  9 |
---------------+----------------------------+-----
Dodging        | 2 3 4 6 7 8 |  8.7
Fighting       | 4 5 6 7 |  7.8
Long Blades    | 4 |  4.3
Armour         | 3 4 |  4.3
Short Blades   | 1 2 3 4 |  4.6

Action                   |  1- 3 |  4- 6 |  7- 9 || total
-------------------------+-------+-------+-------++-------
Melee: Falchion          |   115 |       |       ||   115
       Dagger            |       |   262 |   716 ||   978
Invok: Berserk           |     1 |       |     3 ||     4
       Trog's Hand       |       |       |     5 ||     5
       Brothers in Arms  |       |       |     1 ||     1
  Use: Scroll            |       |     6 |    10 ||    16
       Potion            |       |     3 |    15 ||    18
  Eat: Chunk             |     3 |     9 |    18 ||    30
       Fruit             |       |       |     1 ||     1
Armor: Animal skin       |    26 |       |       ||    26
       Ring mail         |       |    18 |       ||    18
       Leather armour    |       |    31 |   187 ||   218
       Skin              |       |    51 |    88 ||   139
Dodge: Dodged            |   104 |   132 |   487 ||   723
